 Dungeon Crawl Stone Soup version 0.31-a0-859-g9dce7d3444 (webtiles) character file.

Game seed: 2944238425115658773

800 bobo the Slasher (level 7, 0/60 HPs)
             Began as a Gnoll Chaos Knight on Oct 3, 2023.
             Was a Plaything of Xom.
             Slain by a troll (5 damage)
             ... on level 5 of the Dungeon on Oct 9, 2023.
             The game lasted 00:16:16 (3199 turns).

bobo the Slasher (Gnoll Chaos Knight)               Turns: 3199, Time: 00:16:17

Health: 0/60       AC:  8    Str: 11    XL:     7   Next: 90%
Magic:  11/11      EV: 12    Int: 12    God:    Xom [..*...]
Gold:   226        SH:  0    Dex: 13    Spells: 6/11 levels left

rFire   . . .        a - +0 falchion (chaos)
rCold   . . .        (no shield)
rNeg    . . .        b - +2 leather armour
rPois   .            o - +0 helmet
rElec   .            u - +0 cloak
rCorr   .            (no gloves)
SInv    .            (no boots)
Will    .....        (no amulet)
Stlth   ++           (no ring)
HPRegen 0.30/turn    (no ring)
MPRegen 0.12/turn

%: no passive effects
@: no status effects
A: fangs 1, strong nose, distributed training
a: Renounce Religion


You were on level 5 of the Dungeon.
You worshipped Xom.
You were a toy of Xom.
You visited 1 branch of the dungeon, and saw 5 of its levels.
You also visited: Sewer.

You collected 226 gold pieces.

Inventory:

Hand Weapons
 a - a +0 falchion of chaos (weapon)
 e - a +1 mace of chaos
 v - a +1 vampiric dagger
Armour
 b - a +2 leather armour (worn)
 f - a +0 chain mail
 o - a +0 helmet (worn)
 u - a +0 cloak (worn)
Jewellery
 t - a ring of ice
Scrolls
 h - a scroll of amnesia
 i - 3 scrolls of teleportation
 j - a scroll of vulnerability
 l - a scroll of enchant armour
 n - a scroll of immolation
 p - a scroll of torment
Potions
 c - 2 potions of enlightenment
 d - a potion of lignification
 g - 3 potions of curing
 q - a potion of brilliance
 r - a potion of degeneration {unknown}
 s - a potion of ambrosia


   Skills:
 + Level 7.2 Fighting
 + Level 2.8 Short Blades
 + Level 7.2 Long Blades
 + Level 2.8 Axes
 + Level 2.8 Maces & Flails
 + Level 2.8 Polearms
 + Level 2.8 Staves
 + Level 2.8 Ranged Weapons
 + Level 2.8 Throwing
 + Level 5.4 Armour
 + Level 3.9 Dodging
 + Level 2.8 Stealth
 + Level 2.8 Shields
 + Level 2.8 Unarmed Combat
 + Level 2.8 Spellcasting
 + Level 2.3 Conjurations
 + Level 2.3 Hexes
 + Level 2.3 Summonings
 + Level 2.3 Necromancy
 + Level 2.3 Translocations
 + Level 2.3 Transmutations
 + Level 2.3 Fire Magic
 + Level 2.3 Ice Magic
 + Level 2.3 Air Magic
 + Level 2.3 Earth Magic
 + Level 2.3 Poison Magic
 + Level 3.1 Invocations
 + Level 2.8 Evocations
 + Level 2.5 Shapeshifting


You had 6 spell levels left.
You knew the following spells:

 Your Spells              Type           Power      Damage    Failure   Level
c - Confusing Touch       Hex            7%         N/A       36%         3
Z - Blink                 Tloc           14%        N/A       19%         2

Your spell library contained the following spells:

 Spells                   Type           Power      Damage    Failure   Level
 Slow                     Hex            28%        N/A       12%         1
 Hailstorm                Conj/Ice       7%         3d4       36%         3
 Sigil of Binding         Hex            7%         N/A       36%         3
 Vampiric Draining        Necr           7%         2d6       36%         3
 Manifold Assault         Tloc           7%         N/A       77%         4
 Summon Ice Beast         Ice/Summ       7%         N/A       77%         4
 Simulacrum               Ice/Necr       3%         N/A       100%        6


Dungeon Overview and Level Annotations

Branches:
Dungeon (5/15)              Sewer (visited)
 Temple: D:4-7

Altars:
Cheibriados
Hepliaklqana

Shops:
D:4 (


Innate Abilities, Weirdness & Mutations

You have very sharp teeth.
Your uncanny sense of smell can sniff out nearby items.
Your experience applies equally to all skills.


Message History

Found a scroll labelled KOCZIZX PIORUOPRE and 11 gold pieces.
There is an open door here.
h - a scroll labelled KOCZIZX PIORUOPRE You now have 226 gold pieces (gained 11).
HP restored.
A troll comes into view.
The troll shouts!
As you read the scroll of identify, it crumbles to dust.
h - a scroll of amnesia
As you read the scroll of identify, it crumbles to dust.
l - a scroll of enchant armour
As you read the scroll of identify, it crumbles to dust.
n - a scroll of immolation
As you read the scroll of identify, it crumbles to dust.
p - a scroll of torment
Okay, then.
You hit the troll.
The troll is lightly wounded.
The troll closely misses you. The troll claws you!
The troll completely misses you.
You barely miss the troll.
The troll is lightly wounded.
The troll bites you but does no damage. The troll barely misses you.
The troll claws you.
You closely miss the troll.
The troll is lightly wounded.
The troll barely misses you. The troll claws you. The troll claws you!
You barely miss the troll. The troll bites you! The troll claws you.
The troll closely misses you.
You closely miss the troll. The troll barely misses you. The troll misses you.
The troll claws you but does no damage.
You closely miss the troll. The troll bites you but does no damage.
The troll claws you. The troll claws you but does no damage.
You closely miss the troll. The troll closely misses you. The troll claws you.
The troll claws you but does no damage.
You barely miss the troll. The troll bites you!
* * * LOW HITPOINT WARNING * * *
The troll claws you.
You die...
Xom giggles madly!

#.....#.P.#.P...
....######'####....#....
........##.##...#.###.##
........##.##....#P....P
........##....#..#§_§...
........##.##..#P#..PP..
........##.##.#..§.#.P§#
......T.##.##. ...P§§.§.
.......@##.# #.P P.§§P
........##.#
###........# ##########


You could see a troll.

Vanquished Creatures
  An ice beast (D:4)
  2 ogres
  A jelly (D:5)
  A hound (D:4)
  An orc priest (D:4)
  A gnoll bouda (D:4)
  8 gnolls
  6 adders
  2 river rats (Sewer)
  2 worms (D:2)
  5 dart slugs
  10 orcs
  6 endoplasms
  5 giant cockroaches
  10 goblins
  8 hobgoblins
  10 jackals
  12 quokkas
  3 ball pythons
  2 bats
  2 frilled lizards
  9 kobolds
  8 rats
115 creatures vanquished.

Vanquished Creatures (collateral kills)
  2 kobold brigands (Sewer)
  An adder (D:4)
  A giant cockroach (D:4)
4 creatures vanquished.

Grand Total: 119 creatures vanquished

Notes
Turn   | Place    | Note
-------+----------+-------------------------------------------
     0 | D:1      | bobo the Gnoll Chaos Knight began the quest for the Orb.
     0 | D:1      | Reached XP level 1. HP: 23/23 MP: 1/1
     0 | D:1      | Upgraded the game from 0.31-a0-846-gb3bcc0d938 to
                  | 0.31-a0-851-g7ff8af7976
    41 | D:1      | XOM: silly message
   177 | D:1      | XOM: silly message
   182 | D:1      | Reached XP level 2. HP: 27/29 MP: 2/2
   231 | D:1      | XOM: silly message
   244 | D:1      | XOM: silly message
   367 | D:1      | Reached XP level 3. HP: 35/35 MP: 3/3
   395 | D:1      | Learned a level 2 spell: Blink
   647 | D:1      | XOM: silly message
   710 | D:2      | Upgraded the game from 0.31-a0-851-g7ff8af7976 to
                  | 0.31-a0-854-g362426d53f
   832 | D:2      | Reached skill level 1 in Invocations
   838 | D:2      | Reached skill level 1 in Short Blades
   838 | D:2      | Reached skill level 1 in Axes
   838 | D:2      | Reached skill level 1 in Maces & Flails
   838 | D:2      | Reached skill level 1 in Polearms
   838 | D:2      | Reached skill level 1 in Staves
   838 | D:2      | Reached skill level 1 in Ranged Weapons
   838 | D:2      | Reached skill level 1 in Throwing
   838 | D:2      | Reached skill level 1 in Stealth
   838 | D:2      | Reached skill level 1 in Shields
   838 | D:2      | Reached skill level 1 in Unarmed Combat
   838 | D:2      | Reached skill level 1 in Spellcasting
   838 | D:2      | Reached skill level 1 in Evocations
   844 | D:2      | Reached skill level 1 in Shapeshifting
   844 | D:2      | Reached XP level 4. HP: 41/41 MP: 5/5
  1004 | D:2      | Reached skill level 1 in Conjurations
  1004 | D:2      | Reached skill level 1 in Hexes
  1004 | D:2      | Reached skill level 1 in Summonings
  1004 | D:2      | Reached skill level 1 in Necromancy
  1004 | D:2      | Reached skill level 1 in Translocations
  1004 | D:2      | Reached skill level 1 in Transmutations
  1004 | D:2      | Reached skill level 1 in Fire Magic
  1004 | D:2      | Reached skill level 1 in Ice Magic
  1004 | D:2      | Reached skill level 1 in Air Magic
  1004 | D:2      | Reached skill level 1 in Earth Magic
  1004 | D:2      | Reached skill level 1 in Poison Magic
  1140 | D:2      | Upgraded the game from 0.31-a0-854-g362426d53f to
                  | 0.31-a0-859-g9dce7d3444
  1439 | D:3      | Reached XP level 5. HP: 47/47 MP: 5/7
  1487 | D:3      | Found a snail-covered altar of Cheibriados.
  1529 | D:3      | XOM: silly message
  1751 | D:3      | Learned a level 3 spell: Confusing Touch
  2015 | D:3      | XOM: cloud trail
  2048 | D:4      | Found a glowing drain.
  2069 | D:4      | Found Lamuf's Antique Weapon Shoppe.
  2093 | D:4      | XOM: summons friendly ufetubus
  2131 | D:4      | XOM: noise
  2139 | D:4      | Noticed an ogre
  2141 | D:4      | XOM: enchant monster (good)
  2145 | D:4      | Reached XP level 6. HP: 52/53 MP: 8/8
  2149 | D:4      | XOM: chaos upgrade
  2149 | D:4      | Noticed an ice beast
  2192 | Sewer    | Entered a sewer
  2251 | Sewer    | XOM: god gift: potion of lignification
  2270 | Sewer    | XOM: cast spell 'Summon Horrible Things'
  2272 | Sewer    | Reached skill level 5 in Armour
  2310 | Sewer    | Found a glowing silver altar of Zin.
  2319 | Sewer    | XOM: 2-stop teleportation journey
  2405 | D:4      | Killed an ice beast
  2406 | D:4      | Reached XP level 7. HP: 60/60 MP: 10/10
  2524 | D:4      | XOM: potion effect (attraction)
  2885 | D:4      | XOM: silly message
  3068 | D:4      | XOM: silly message
  3084 | D:5      | Entered Level 5 of the Dungeon
  3089 | D:5      | Found a hazy altar of Hepliaklqana.
  3091 | D:5      | XOM: noise
  3099 | D:5      | XOM: noise
  3102 | D:5      | XOM: confuse monster(s)
  3102 | D:5      | XOM: butterfly on damage
  3186 | D:5      | Noticed a troll
  3199 | D:5      | Slain by a troll

Illustrated notes

Levels and vault maps discovered:
D:1:      dpeg_arrival_lava_temple_mockup, layout_loops_ring,
          serial_park_tiny_pond
D:2:      layout_rooms, minmay_diced_spiral
D:3:      minmay_angry_zag, layout_basic, cheibriados_altar_1,
          serial_bayou_pond_c
D:4:      layout_cave_pools, serial_shops, nicolae_shop_tiny_real_fake_doors,
          portal_sewer_entry_f
D:5:      layout_basic, nicolae_hepliaklqana_hazy_memory, lemuel_doored_altar,
          mainiacjoe_overflow_alcove_4, minmay_fractal_squares_diagonal_5

Skill      XL: |  1  2  3  4  5  6  7 |
---------------+----------------------+-----
Invocations    | 1 2 3 |  3.1
Short Blades   | 1 2 |  2.8
Axes           | 1 2 |  2.8
Maces & Flails | 1 2 |  2.8
Polearms       | 1 2 |  2.8
Staves         | 1 2 |  2.8
Ranged Weapons | 1 2 |  2.8
Throwing       | 1 2 |  2.8
Stealth        | 1 2 |  2.8
Shields        | 1 2 |  2.8
Unarmed Combat | 1 2 |  2.8
Spellcasting   | 1 2 |  2.8
Evocations     | 1 2 |  2.8
Shapeshifting  | 1 2 |  2.5
Conjurations   | 1 2 |  2.3
Hexes          | 1 2 |  2.3
Summonings     | 1 2 |  2.3
Necromancy     | 1 2 |  2.3
Translocations | 1 2 |  2.3
Transmutations | 1 2 |  2.3
Fire Magic     | 1 2 |  2.3
Ice Magic      | 1 2 |  2.3
Air Magic      | 1 2 |  2.3
Earth Magic    | 1 2 |  2.3
Poison Magic   | 1 2 |  2.3
Dodging        | 3 |  3.9
Armour         | 5 |  5.4
Fighting       | 7 |  7.2
Long Blades    | 7 |  7.2

Action                     |  1- 3 |  4- 6 |  7- 9 || total
---------------------------+-------+-------+-------++-------
  Melee: Falchion          |    68 |   244 |    84 ||   396
         Bite              |     6 |    29 |     6 ||    41
         Punch             |     2 |     5 |     3 ||    10
    Use: Scroll            |     1 |     7 |     5 ||    13
         Potion            |       |     4 |     3 ||     7
   Stab: Paralysed         |     1 |     1 |       ||     2
         Invisible         |       |     2 |       ||     2
         Petrified         |       |     1 |       ||     1
         Confused          |       |       |     1 ||     1
         Sleeping          |       |       |     1 ||     1
 Armour: Leather armour    |    20 |   139 |    64 ||   223
         Skin              |       |    10 |    24 ||    34
  Dodge: Dodged            |    35 |   158 |    64 ||   257

Table legend: (Time is in decaauts)
 A = Elapsed time spent in this place.
 B = Non-inter-level travel time spent in this place.
 C = Inter-level travel time spent in this place.
 D = Time resting spent in this place.
 E = Time spent auto-exploring this place.
 F = Levels seen in this place.
 G = Mean time per level.
                   A        B        C        D        E       F      G
               +--------+--------+--------+--------+--------+-----+--------+
         Total |   3222 |   3130 |     92 |    272 |   1614 |   6 |  537.0 |
       Dungeon |   2993 |   2901 |     92 |    250 |   1614 |   5 |  598.6 |
         Sewer |    228 |    228 |      0 |     22 |      0 |   1 |  228.0 |
               +--------+--------+--------+--------+--------+-----+--------+

Top non-repeatable levels by time:
     D:4: 863 daAuts
     D:3: 718 daAuts
     D:1: 708 daAuts
     D:2: 590 daAuts
   Sewer: 228 daAuts
     D:5: 113 daAuts
